 Dungeon Crawl Stone Soup version 0.18.1-48-g4cf74bf (webtiles) character file.

82 NineWeeks the Sneak (level 4, -1/21 HPs)
             Began as a Vine Stalker Enchanter on Aug 8, 2016.
             Slain by an orc priest (3 damage)
             ... on level 3 of the Dungeon.
             The game lasted 00:03:43 (1389 turns).

NineWeeks the Sneak (Vine Stalker Enchanter)        Turns: 1389, Time: 00:03:44

Health: -1/21      AC:  3    Str: 10    XL:     4   Next: 43%
Magic:  0/8        EV: 12    Int: 15    God:
Gold:   136        SH:  0    Dex: 12    Spells: 2 memorised, 4 levels left

rFire  . . .     SeeInvis .     a - +1 dagger
rCold  . . .     Gourm    .     b - +1 robe
rNeg   . . .     Faith    .     (no shield)
rPois  .         Spirit   +     (no helmet)
rElec  .         Dismiss  .     (no cloak)
rCorr  .         Reflect  .     (no gloves)
SustAt .         Harm     .     (no boots)
MR     .....                    j - amulet of rage
Stlth  +++.......               (no ring)
                                f - -4 ring of dexterity (curse)

@: not resistant to hostile enchantments, fairly stealthy
A: fangs 2, regeneration 1, magic shield, antimagic bite, no device heal 3, rot
immunity
a: Evoke Berserk Rage


You were on level 3 of the Dungeon.
You were not hungry.

You visited 1 branch of the dungeon, and saw 3 of its levels.

You collected 136 gold pieces.

Inventory:

Hand Weapons
 a - a +1 dagger (weapon)
Armour
 b - a +1 robe (worn)
Jewellery
 f - a cursed -4 ring of dexterity (left hand)
 j - an amulet of rage (around neck)
Scrolls
 e - a scroll of fear {unknown}
 i - a scroll of enchant weapon {unknown}
 l - a scroll of immolation {unknown}
 n - a scroll of magic mapping {unknown}
Potions
 k - a potion of ambrosia {unknown}
 m - a potion of resistance {unknown}
Books
 c - a book of Maledictions

   Spells                             Type                      Level
   a - Corona                         Hexes                        1
   b - Ensorcelled Hibernation        Hexes/Ice                    2
   c - Confuse                        Hexes                        3
   d - Tukima's Dance                 Hexes                        3
   e - Dazzling Spray                 Conjuration/Hexes            3
Comestibles
 d - 2 bread rations
 g - 2 beef jerkies


   Skills:
 * Level 1.9 Short Blades
 - Level 1.5 Dodging
 * Level 5.9 Stealth
 - Level 2.1 Spellcasting
 - Level 3.0 Hexes


You had 4 spell levels left.
You knew the following spells:

 Your Spells              Type           Power        Failure   Level  Hunger
a - Corona                Hex            ##.....      8%          1    #......
b - Ensorcelled Hibernat  Hex/Ice        #.....       17%         2    ###....


Dungeon Overview and Level Annotations

Branches:
Dungeon (3/15)

Altars:
Pakellas
Beogh


Innate Abilities, Weirdness & Mutations

You have extremely sharp teeth.
Your natural rate of healing is unusually fast.
When hurt, damage is shared between your health and your magic reserves.
Your bite disrupts and absorbs the magic of your enemies.
Potions and wands cannot restore your health.
You are immune to rotting.


Message History

Press: ? - help, Shift-Dir - straight line, f - orc priest
Aim: an orc priest (chance to defeat MR: 37%)
The orc priest easily resists.
The orc priest closely misses you.
Casting: Ensorcelled Hibernation
Confirm with . or Enter, or press ? or * to list all spells.
Aiming: Ensorcelled Hibernation
Press: ? - help, Shift-Dir - straight line, f/p - orc priest
Aim: an orc priest (chance to defeat MR: 37%)
The orc priest easily resists.
The orc priest hits you.
* * * LOW HITPOINT WARNING * * *
It was a potion of heal wounds.
That seemed strangely inert.
The orc priest mumbles some strange prayers to Beogh against you.
You struggle to resist.
You're too hungry to go berserk.
Eat which item? (? for menu, Esc to quit)
The orc priest hits you.
* * * LOW HITPOINT WARNING * * *
You continue eating.
The orc priest hits you.
You die...

## #...# ##
#8##...##8###8# .....#
............... .....#
.....⌠.........+....w.
.....................#
#8##...##8### #......
# ##...########.....
#8...8#.##.(..#######
##...##......o@(...(#
#...##.####..#######
##...##.# ##(#
#8...8#.# #)#
###...##.# #.'...o_#
#........# ###.8o8.#
#.)......# #$$$##
#.....)..# ####
#........#


You could see an orc priest.

Vanquished Creatures
  An orc wizard (D:3)
  An adder (D:2)
  A worm (D:2)
  3 dart slugs
  3 giant geckos
  3 orcs (D:3)
  2 giant cockroaches (D:1)
  5 goblins
  3 hobgoblins
  3 kobolds
  A quokka (D:2)
  3 giant newts (D:1)
  4 rats (D:1)
33 creatures vanquished.

Notes
Turn   | Place    | Note
--------------------------------------------------------------
     0 | D:1      | NineWeeks the Vine Stalker Enchanter began the quest for the Orb.
     0 | D:1      | Reached XP level 1. HP: 9/9 MP: 4/4
    96 | D:1      | You fall through a shaft!
   108 | D:2      | Reached skill level 1 in Short Blades
   135 | D:2      | Reached skill level 4 in Stealth
   136 | D:2      | Reached XP level 2. HP: 12/13 MP: 6/6
   173 | D:2      | Found an oddly glowing altar of Pakellas.
   291 | D:1      | Reached XP level 3. HP: 16/16 MP: 7/7
   599 | D:1      | Reached skill level 5 in Stealth
  1268 | D:3      | Learned a level 2 spell: Ensorcelled Hibernation
  1354 | D:3      | Found a roughly hewn altar of Beogh.
  1373 | D:3      | Reached XP level 4. HP: 15/21 MP: 2/8
  1389 | D:3      | Slain by an orc priest

Skill      XL: |  1  2  3 |
---------------+----------+-----
Short Blades   | 1 |  1.9
Stealth        | 4 5 |  5.9
Dodging        | |  1.5
Spellcasting   | |  2.1
Hexes          | |  3.0

Action                   |  1- 3 |  4- 6 || total
-------------------------+-------+-------++-------
Melee: Dagger            |    82 |     4 ||    86
       Bite              |    15 |     3 ||    18
 Cast: Ensorcelled Hiber |     3 |     2 ||     5
  Use: Potion            |       |     1 ||     1
 Stab: Sleeping          |    11 |       ||    11
  Eat: Bread ration      |       |     1 ||     1
Armor: Robe              |     9 |     1 ||    10
Dodge: Dodged            |    37 |     2 ||    39
